 Dungeon Crawl Stone Soup version 0.26-a0-694-g74916bafe0 (webtiles) character file.

Game seed: 40073955745010029

4 Descartes the Grasshopper (level 1, 0/9 HPs)
             Began as a Felid Warper on Oct 25, 2020.
             Slain by a hobgoblin
             ... wielding a +0 club
              (5 damage)
             ... on level 1 of the Dungeon.
             The game lasted 00:01:14 (377 turns).

Descartes the Grasshopper (Felid Warper)             Turns: 377, Time: 00:01:15

Health: 0/9        AC:  1    Str:  7    XL:     1   Next: 50%
Magic:  4/4        EV: 18    Int: 14    God:
Gold:   11         SH:  0    Dex: 15    Spells: 4/4 levels left
                                        Lives:  0   Deaths: 0

rFire    . . .     SeeInvis +     - Unarmed
rCold    . . .     Faith    .   (shield unavailable)
rNeg     . . .     Spirit   .   (armour unavailable)
rPois    .         Reflect  .   (helmet unavailable)
rElec    .         Harm     .   (cloak unavailable)
rCorr    .         Rampage  .   (gloves unavailable)
MR       .....                  (boots unavailable)
Stlth    ++........             (no amulet)
HPRegen  0.03/turn              (no ring)
MPRegen  0.09/turn              (no ring)

@: quick
A: very small, no armour, no weapons or thrown items, stealth, claws 1, fangs 3,
see invisible, speed 1, shaggy fur 1, sharp paws
a: no special abilities


You were on level 1 of the Dungeon.
You visited 1 branch of the dungeon, and saw 1 of its levels.

You collected 11 gold pieces.

Inventory:

Scrolls
 b - a scroll of blinking


   Skills:
 - Level 2.0 Fighting
 - Level 3.2 Dodging
 + Level 1.7 Stealth
 - Level 2.0 Unarmed Combat
 - Level 2.0 Spellcasting
   Level 4.4 Translocations


You had 4 spell levels left.
You didn't know any spells.
Your spell library contained the following spells:

 Spells                   Type           Power        Failure   Level
 Blink                    Tloc           N/A          6%          2
 Gell's Gravitas          Tloc           ##........   12%         3
 Lesser Beckoning         Tloc           ##........   12%         3
 Teleport Other           Tloc           ##......     12%         3
 Passage of Golubria      Tloc           N/A          36%         4


Dungeon Overview and Level Annotations

Branches:
Dungeon (1/15)

Altars:


Innate Abilities, Weirdness & Mutations

You cannot wear armour.
You are incapable of wielding weapons or throwing items.
Your paws allow you to move quietly. (Stealth)
You have sharp claws.
You have razor-sharp teeth.
You have supernaturally acute eyesight. (SInv)
You cover ground quickly.
You are covered in fur. (AC +1)
Your sharp claws are effective at attacking unaware monsters.


Message History

A hobgoblin is nearby!
You start resting.
A hobgoblin is nearby!
You start resting.
A hobgoblin is nearby!
Things that are here:
a +0 club; a hobgoblin corpse You start resting.
A hobgoblin is nearby!
You start resting.
A hobgoblin is nearby!
Things that are here:
a +0 club; a hobgoblin corpse You start resting.
A hobgoblin is nearby!
You scratch the hobgoblin but do no damage.
The hobgoblin closely misses you.
You barely miss the hobgoblin. The hobgoblin hits you with a +0 club.
Ouch! That really hurt!
You die...

###### #######.....
#########...........
#####...................
#.......................
#.#####.g...........####
#####.############...####
#..........@g....)......###.
..........................(>#.
#.#.#.........................
# #.##..##.############.#.#.
............ #.#...
#.#.##..##.... ######.#>..
..... ....#...## #...........
.# ###.##...# #.#####.#.#.
#.........


You could see a hobgoblin.

Vanquished Creatures
  A dart slug (D:1)
  A hobgoblin (D:1)
2 creatures vanquished.

Notes
Turn   | Place    | Note
-------+----------+-------------------------------------------
     0 | D:1      | Descartes the Felid Warper began the quest for the Orb.
     0 | D:1      | Reached XP level 1. HP: 9/9 MP: 4/4
    29 | D:1      | Reached skill level 1 in Stealth
   377 | D:1      | Slain by a hobgoblin

Illustrated notes

Levels and vault maps discovered:
D:1:      eino_arrival_cavern_c, layout_basic

Skill      XL: |  1 |
---------------+----+-----
Stealth        | 1 |  1.7
Fighting       | |  2.0
Dodging        | |  3.2
Unarmed Combat | |  2.0
Spellcasting   | |  2.0
Translocations | |  4.4

Action                   || total
-------------------------++-------
Melee: Unarmed           ||    19
Dodge: Dodged            ||    11

Table legend: (Time is in decaauts)
 A = Elapsed time spent in this place.
 B = Non-inter-level travel time spent in this place.
 C = Inter-level travel time spent in this place.
 D = Time resting spent in this place.
 E = Time spent auto-exploring this place.
 F = Levels seen in this place.
 G = Mean time per level.
                   A        B        C        D        E       F      G
               +--------+--------+--------+--------+--------+-----+--------+
         Total |    343 |    343 |      0 |     18 |    192 |   1 |  343.0 |
       Dungeon |    343 |    343 |      0 |     18 |    192 |   1 |  343.0 |
               +--------+--------+--------+--------+--------+-----+--------+

Top non-repeatable levels by time:
     D:1: 343 daAuts
